CALGARY vs BUFFALO

Created - March-10-21 at 17:02

Goals
1 2 3 T
CALGARY 1 1 0 2
BUFFALO 3 2 1 6
Shots
1 2 3 T
CALGARY 6 9 7 22
BUFFALO 14 5 10 29

1st period

1. BUFFALO , Noah Hanifin 5 (Charlie Coyle 8, Shea Theodore 9) at 5:45
2. BUFFALO , James van Riemsdyk 6 (Eric Staal 16, Charlie Coyle 9) at 7:08
3. CALGARY , Jaccob Slavin 4 (Tyler Bertuzzi 14, Brock Boeser 18) at 13:43 (PP)
4. BUFFALO , Matt Grzelcyk 3 (Frank Vatrano 5, Noel Acciari 2) at 19:23

Penalties :
Marco Scandella (BUF) for High sticking (Minor) at 3:06, Mikhail Sergachev (CGY) for Tripping (Minor) at 8:20, Brad Marchand (BUF) for Hooking (Minor) at 11:45, Elias Pettersson (CGY) for Cross-checking (Minor) at 17:17

2nd period

5. BUFFALO , Brad Marchand 14 (Matt Duchene 14, Drew Doughty 15) at 0:14
6. BUFFALO , Charlie Coyle 6 (Matt Grzelcyk 8, Jordan Staal 6) at 10:22
7. CALGARY , Rasmus Dahlin 3 (Mitchell Marner 16, Brock Boeser 19) at 12:07

Penalties :
Marco Scandella (BUF) for Interference (Minor) at 3:22, Noah Hanifin (BUF) for Hooking (Minor) at 8:16, Charlie Coyle (BUF) for Hooking (Minor) at 13:08

3rd period

8. BUFFALO , Brad Marchand 15 (Roman Josi 27, Matt Duchene 15) at 0:35

Penalties :
Zach Bogosian (CGY) for Hooking (Minor) at 17:20, Marco Scandella (BUF) for Holding (Minor) at 19:54

Goalie Stats

Anders Nilsson (CGY), 14 saves from 20 shots - (0.700), L, 9-12-2, 40:35 minutes
Jack Campbell (CGY), 9 saves from 9 shots - (1.000), 19:25 minutes
Tuukka Rask (BUF), 20 saves from 22 shots - (0.909), W, 18-6-2, 60:00 minutes

Players Stats for CALGARY

Player Name              G  A  P  +/- PIM S  H  SB GA TA FO     MP     PP MP  PK MP  
------------------------------------------------------------------------------------
Blake Coleman            0  0  0   0  0   0  1  0  0  0  0/0    13:31   1:43   2:18 
Brock Boeser             0  2  2   0  0   1  0  0  0  0  0/1    18:20   5:46   0:00 
Chris Tierney            0  0  0   0  0   1  0  1  0  0  3/8    16:09   5:19   1:20 
Derick Brassard          0  0  0  -1  0   0  0  0  0  0  3/9     8:17   0:00   0:09 
Drake Caggiula           0  0  0  -1  0   1  1  0  0  0  0/0     9:13   0:00   1:05 
Elias Pettersson         0  0  0  -4  2   2  1  0  0  0  7/26   20:05   4:13   2:01 
Jaccob Slavin            1  0  1   0  0   3  1  1  0  0  0/0    22:57   4:40   3:01 
Jake Gardiner            0  0  0  -3  0   0  0  0  0  0  0/0    14:27   0:26   0:00 
Jamie Benn               0  0  0   0  0   5  5  0  0  0  21/43  22:01   5:46   3:41 
Joel Kellman             0  0  0  -1  0   0  0  0  0  0  0/0     8:08   0:00   0:00 
Markus Nutivaara         0  0  0  -2  0   0  0  0  0  0  0/0    16:55   0:00   1:33 
Matt Nieto               0  0  0   0  0   0  0  1  0  0  0/0     9:30   0:00   0:00 
Mikhail Sergachev        0  0  0  -3  2   1  3  1  0  0  0/0    19:27   4:14   1:48 
Mitchell Marner          0  1  1   0  0   2  0  0  0  0  0/2    16:47   4:13   0:00 
Patrik Laine             0  0  0  -4  0   2  3  0  0  0  0/0    18:05   4:13   0:00 
Rasmus Dahlin            1  0  1   0  0   2  2  1  0  0  0/0    23:10   5:19   3:10 
Tyler Bertuzzi           0  1  1  -4  0   2  2  0  0  0  0/0    19:15   4:03   1:20 
Zach Bogosian            0  0  0  -2  2   0  2  2  0  0  0/0    17:43   0:00   2:22 

Players Stats for BUFFALO

Player Name              G  A  P  +/- PIM S  H  SB GA TA FO     MP     PP MP  PK MP  
------------------------------------------------------------------------------------
Alex Killorn             0  0  0   2  0   0  2  1  0  0  1/1    14:38   0:00   0:00 
Brad Marchand            2  0  2   2  2   5  4  0  0  0  0/0    21:42   2:48   4:17 
Carl Hagelin             0  0  0  -1  0   1  0  0  0  0  1/3    14:39   0:00   4:39 
Charlie Coyle            1  2  3   3  2   3  0  0  0  0  1/1    15:31   3:09   0:00 
Drew Doughty             0  1  1   2  0   4  1  1  0  0  0/0    25:04   3:01   5:18 
Eric Staal               0  1  1   3  0   0  2  0  0  0  7/18   16:35   3:09   1:03 
Frank Vatrano            0  1  1   1  0   0  1  0  0  0  0/0     7:03   0:00   0:00 
James van Riemsdyk       1  0  1   3  0   3  2  0  0  0  2/2    15:19   2:56   0:00 
Jordan Staal             0  1  1  -1  0   2  2  2  0  0  17/25  16:04   0:13   5:51 
Marco Scandella          0  0  0   2  6   1  0  0  0  0  0/0    13:33   0:00   0:00 
Matt Duchene             0  2  2   2  0   1  1  0  0  0  16/22  17:26   2:48   0:00 
Matt Grzelcyk            1  1  2   2  0   2  0  3  0  0  0/0    14:13   0:00   0:37 
Noah Hanifin             1  0  1   1  2   4  1  1  0  0  0/0    20:42   2:56   4:04 
Noel Acciari             0  1  1   1  0   0  1  0  0  0  9/16   10:33   0:00   3:30 
Ondrej Kase              0  0  0   1  0   1  1  0  0  0  0/0     7:03   0:00   0:00 
Phil Kessel              0  0  0  -1  0   0  0  0  0  0  1/1    13:26   2:48   0:38 
Roman Josi               0  1  1   2  0   2  0  1  0  0  0/0    25:04   3:01   5:18 
Shea Theodore            0  1  1   1  0   0  0  0  0  0  0/0    21:20   2:56   4:41 

3 Stars

1 - Brad Marchand (BUF)
2 - Charlie Coyle (BUF)
3 - Matt Grzelcyk (BUF)

Power Play

CALGARY - 1 on 6 Attempt(s) - 16.67%
BUFFALO - 0 on 3 Attempt(s) - 0.00%

Penalty Kill

CALGARY - 3 on 3 Attempt(s) - 100.00% - Score 0 goal in Penalty Kill
BUFFALO - 5 on 6 Attempt(s) - 83.33% - Score 0 goal in Penalty Kill

Team Stat

CALGARY - Hits : 21 - Faceoff Wins : 34 - Blocked Shots : 7 - Penalty Minutes : 6
BUFFALO - Hits : 18 - Faceoff Wins : 55 - Blocked Shots : 9 - Penalty Minutes : 12

Official

Referees : Gord Dwyer and Reid Anderson
Linesman : Luke Galvin and Darren Gibbs

Game Notes

Jack Campbell enters game at 0:35 of 3rd period

Finance

Level 1 -- Attendance: 6000 (100.00%) -- Ticket Income $480,000
Level 2 -- Attendance: 4710 (94.20%) -- Ticket Income $235,500
Level 3 -- Attendance: 1878 (93.90%) -- Ticket Income $52,584
Level 4 -- Attendance: 4000 (100.00%) -- Ticket Income $60,000
Luxury Box -- Attendance: 1000 (100.00%) -- Ticket Income $160,000
Game was played at the KeyBank Center.
Total Attendance: 17588 (97.71%)
Total Ticket Income: $988,084
Total Income: $988,084

CALGARY

5 vs 5 Forward 
   Center                   Left Wing                Right Wing               Time % Phy DF OF 
 1 Elias Pettersson         Tyler Bertuzzi           Patrik Laine             40     1   1  3  
 2 Jamie Benn               Mitchell Marner          Brock Boeser             40     1   1  3  
 3 Chris Tierney            Blake Coleman            Matt Nieto               10     1   2  2  
 4 Derick Brassard          Joel Kellman             Drake Caggiula           10     2   3  0  

5 vs 5 Defense 
   Defense                  Defense                                           Time % Phy DF OF 
 1 Jaccob Slavin            Rasmus Dahlin                                     35     1   1  3  
 2 Jake Gardiner            Mikhail Sergachev                                 30     1   2  2  
 3 Markus Nutivaara         Zach Bogosian                                     25     3   2  0  
 4 Rasmus Dahlin            Jaccob Slavin                                     10     1   2  2  

PowerPlay Forward 
   Center                   Left Wing                Right Wing               Time % Phy DF OF 
 1 Elias Pettersson         Patrik Laine             Mitchell Marner          62     0   1  4  
 2 Jamie Benn               Tyler Bertuzzi           Brock Boeser             38     0   1  4  

PowerPlay Defense
   Defense                  Defense                                           Time % Phy DF OF 
 1 Mikhail Sergachev        Jaccob Slavin                                     64     1   2  2  
 2 Chris Tierney            Rasmus Dahlin                                     36     1   2  2  

Penalty Kill 4 Players Forward 
   Center                   Wing                     Time % Phy DF OF 
 1 Jamie Benn               Blake Coleman            60     1   4  0  
 2 Chris Tierney            Tyler Bertuzzi           40     1   4  0  

Penalty Kill 4 Players Defense
   Defense                  Defense                  Time % Phy DF OF 
 1 Jaccob Slavin            Rasmus Dahlin            60     1   4  0  
 2 Zach Bogosian            Mikhail Sergachev        40     1   4  0  

Penalty Kill - 3 Players Forward 
   Forward                                           Time % Phy DF OF 
 1 Blake Coleman                                     60     1   4  0  
 2 Chris Tierney                                     40     1   4  0  

Penalty Kill - 3 Players Defense
   Defense                  Defense                  Time % Phy DF OF 
 1 Jaccob Slavin            Rasmus Dahlin            60     1   4  0  
 2 Zach Bogosian            Mikhail Sergachev        40     1   4  0  

4 vs 4 Forward 
   Center                   Wing                     Time % Phy DF OF 
 1 Elias Pettersson         Patrik Laine             60     1   1  3  
 2 Jamie Benn               Mitchell Marner          40     1   1  3  

4 vs 4 Defense
   Defense                  Defense                  Time % Phy DF OF 
 1 Jaccob Slavin            Rasmus Dahlin            60     0   1  4  
 2 Tyler Bertuzzi           Mikhail Sergachev        40     0   1  4  

Last Minutes Offensive
   Center                   Left Wing                Right Wing               Defense                  Defense                  
   Jamie Benn               Brock Boeser             Mitchell Marner          Jaccob Slavin            Rasmus Dahlin            

Last Minutes Defensive
   Center                   Left Wing                Right Wing               Defense                  Defense                  
   Jamie Benn               Elias Pettersson         Mitchell Marner          Jaccob Slavin            Rasmus Dahlin            

Goaltenders
Starting : Anders Nilsson           
Backup : Jack Campbell            

Extra Forwards
Normal : Chris Tierney, Blake Coleman, Derick Brassard - PP : Chris Tierney, Blake Coleman - PK : Elias Pettersson
Extra Defensemen
Normal : Jake Gardiner, Jaccob Slavin, Rasmus Dahlin - PP : Jake Gardiner - PK : Markus Nutivaara, Mikhail Sergachev
Penalty Shots
Mitchell Marner, Jamie Benn, Elias Pettersson, Brock Boeser, Patrik Laine

Scratches
CGY Cap Hit (Suspend), Shane Bowers (Healthy)

BUFFALO

5 vs 5 Forward 
   Center                   Left Wing                Right Wing               Time % Phy DF OF 
 1 Matt Duchene             Alex Killorn             Brad Marchand            35     1   0  4  
 2 Eric Staal               James van Riemsdyk       Charlie Coyle            30     1   0  4  
 3 Jordan Staal             Carl Hagelin             Phil Kessel              25     1   1  3  
 4 Noel Acciari             Frank Vatrano            Ondrej Kase              10     2   2  1  

5 vs 5 Defense 
   Defense                  Defense                                           Time % Phy DF OF 
 1 Roman Josi               Drew Doughty                                      35     1   1  3  
 2 Noah Hanifin             Shea Theodore                                     30     1   1  3  
 3 Marco Scandella          Matt Grzelcyk                                     25     1   1  3  
 4 Roman Josi               Drew Doughty                                      10     1   1  3  

PowerPlay Forward 
   Center                   Left Wing                Right Wing               Time % Phy DF OF 
 1 Matt Duchene             Brad Marchand            Phil Kessel              60     0   0  5  
 2 Eric Staal               James van Riemsdyk       Charlie Coyle            40     0   0  5  

PowerPlay Defense
   Defense                  Defense                                           Time % Phy DF OF 
 1 Roman Josi               Drew Doughty                                      60     1   0  4  
 2 Noah Hanifin             Shea Theodore                                     40     1   0  4  

Penalty Kill 4 Players Forward 
   Center                   Wing                     Time % Phy DF OF 
 1 Jordan Staal             Brad Marchand            60     2   2  1  
 2 Noel Acciari             Carl Hagelin             40     1   3  1  

Penalty Kill 4 Players Defense
   Defense                  Defense                  Time % Phy DF OF 
 1 Roman Josi               Drew Doughty             60     1   2  2  
 2 Noah Hanifin             Shea Theodore            40     1   2  2  

Penalty Kill - 3 Players Forward 
   Forward                                           Time % Phy DF OF 
 1 Jordan Staal                                      60     1   4  0  
 2 Noel Acciari                                      40     1   4  0  

Penalty Kill - 3 Players Defense
   Defense                  Defense                  Time % Phy DF OF 
 1 Roman Josi               Drew Doughty             60     1   2  2  
 2 Noah Hanifin             Shea Theodore            40     1   2  2  

4 vs 4 Forward 
   Center                   Wing                     Time % Phy DF OF 
 1 Eric Staal               Brad Marchand            60     1   1  3  
 2 Jordan Staal             Alex Killorn             40     1   1  3  

4 vs 4 Defense
   Defense                  Defense                  Time % Phy DF OF 
 1 Roman Josi               Drew Doughty             60     1   2  2  
 2 Noah Hanifin             Shea Theodore            40     1   2  2  

Last Minutes Offensive
   Center                   Left Wing                Right Wing               Defense                  Defense                  
   Matt Duchene             James van Riemsdyk       Brad Marchand            Roman Josi               Drew Doughty             

Last Minutes Defensive
   Center                   Left Wing                Right Wing               Defense                  Defense                  
   Jordan Staal             Brad Marchand            Charlie Coyle            Roman Josi               Drew Doughty             

Goaltenders
Starting : Tuukka Rask              
Backup : Alex Stalock             

Extra Forwards
Normal : Jordan Staal, James van Riemsdyk, Carl Hagelin - PP : Jordan Staal, James van Riemsdyk - PK : Carl Hagelin
Extra Defensemen
Normal : Marco Scandella, Matt Grzelcyk, Noah Hanifin - PP : Marco Scandella - PK : Matt Grzelcyk, Noah Hanifin
Penalty Shots
Matt Duchene, Charlie Coyle, Ondrej Kase, Brad Marchand, James van Riemsdyk

Scratches
None


% Time on Ice - CALGARY

Lines # - Real PCT - Wanted PCT - Time Play
Normal Forward
1 - 31% - 40% - 13:52
2 - 29% - 40% - 12:34
3 - 22% - 10% - 9:30
4 - 18% - 10% - 8:08
Normal Defense
1 - 31% - 35% - 13:32
2 - 32% - 30% - 14:01
3 - 35% - 25% - 15:22
4 - 3% - 10% - 1:09
PP Forward
1 - 42% - 62% - 4:13
2 - 58% - 38% - 5:46
PP Defense
1 - 47% - 64% - 4:40
2 - 53% - 36% - 5:19
PK Forward
1 - 78% - 60% - 4:37
2 - 22% - 40% - 1:20
PK Defense
1 - 47% - 60% - 2:47
2 - 53% - 40% - 3:10
PK3 Forward
1 - 0% - 60%
2 - 0% - 40%
PK3 Defense
1 - 0% - 60%
2 - 0% - 40%
44 Forward
1 - 0% - 60%
2 - 0% - 40%
44 Defense
1 - 0% - 60%
2 - 0% - 40%
Last Minute Offensive  - 0:00
Last Minute Defensive  - 0:00
Total
Forward - 60:00
Defense - 60:00

% Time on Ice - BUFFALO

Lines # - Real PCT - Wanted PCT - Time Play
Normal Forward
1 - 33% - 35% - 14:38
2 - 28% - 30% - 12:23
3 - 23% - 25% - 10:00
4 - 16% - 10% - 7:03
Normal Defense
1 - 35% - 35% - 15:21
2 - 31% - 30% - 13:43
3 - 31% - 25% - 13:36
4 - 3% - 10% - 1:24
PP Forward
1 - 47% - 60% - 2:48
2 - 53% - 40% - 3:09
PP Defense
1 - 51% - 60% - 3:01
2 - 49% - 40% - 2:56
PK Forward
1 - 65% - 60% - 6:29
2 - 35% - 40% - 3:30
PK Defense
1 - 53% - 60% - 5:18
2 - 47% - 40% - 4:41
PK3 Forward
1 - 0% - 60%
2 - 0% - 40%
PK3 Defense
1 - 0% - 60%
2 - 0% - 40%
44 Forward
1 - 0% - 60%
2 - 0% - 40%
44 Defense
1 - 0% - 60%
2 - 0% - 40%
Last Minute Offensive  - 0:00
Last Minute Defensive  - 0:00
Total
Forward - 60:00
Defense - 60:00

Play-by-Play

1st period


0:01 of 1st period - Elias Pettersson wins face-off versus Matt Duchene in neutral zone.
0:01 of 1st period - Rasmus Dahlin is hit by Alex Killorn and loses puck.
0:42 of 1st period - Shot by Brad Marchand.
0:42 of 1st period - Stopped by Anders Nilsson without a rebound.
0:43 of 1st period - Jamie Benn wins face-off versus Eric Staal in CALGARY zone.
0:53 of 1st period - Mikhail Sergachev is hit by James van Riemsdyk and loses puck.
1:02 of 1st period - Shot by James van Riemsdyk.
1:02 of 1st period - Stopped by Anders Nilsson without a rebound.
1:03 of 1st period - Jordan Staal wins face-off versus Chris Tierney in CALGARY zone.
1:03 of 1st period - Jordan Staal is hit by Zach Bogosian.
1:25 of 1st period - Shot by Matt Grzelcyk.
1:25 of 1st period - Stopped by Anders Nilsson with a rebound.
1:27 of 1st period - Shot by Jordan Staal.
1:27 of 1st period - Stopped by Anders Nilsson without a rebound.
1:28 of 1st period - Jamie Benn wins face-off versus Noel Acciari in CALGARY zone.
1:28 of 1st period - Jamie Benn is hit by Noel Acciari.
1:36 of 1st period - Roman Josi is hit by Jaccob Slavin and loses puck.
2:16 of 1st period - Icing by Rasmus Dahlin.
2:17 of 1st period - James van Riemsdyk wins face-off versus Jamie Benn in CALGARY zone.
2:24 of 1st period - Shot by Eric Staal.
2:24 of 1st period - Shot Misses the Net.
2:36 of 1st period - Shot by James van Riemsdyk.
2:36 of 1st period - Stopped by Anders Nilsson without a rebound.
2:37 of 1st period - Elias Pettersson wins face-off versus Jordan Staal in CALGARY zone.
2:42 of 1st period - Shot by Carl Hagelin.
2:42 of 1st period - Shot Hit the Post.
3:01 of 1st period - Icing by Matt Grzelcyk.
3:02 of 1st period - Derick Brassard wins face-off versus Carl Hagelin in BUFFALO zone.
3:06 of 1st period - Minor Penalty to Marco Scandella for High sticking.
3:07 of 1st period - Jordan Staal wins face-off versus Mitchell Marner in BUFFALO zone.
3:50 of 1st period - Icing by Tyler Bertuzzi.
3:51 of 1st period - Noel Acciari wins face-off versus Jamie Benn in CALGARY zone.
4:25 of 1st period - Icing by Brock Boeser.
4:26 of 1st period - Jamie Benn wins face-off versus Jordan Staal in CALGARY zone.
4:31 of 1st period - Roman Josi is hit by Jamie Benn and loses puck.
4:49 of 1st period - Icing by Elias Pettersson.
4:50 of 1st period - Carl Hagelin wins face-off versus Elias Pettersson in CALGARY zone.
5:17 of 1st period - Shot by Derick Brassard.
5:17 of 1st period - Deflect By Drake Caggiula.
5:17 of 1st period - Shot Misses the Net.
5:19 of 1st period - Shot by Drake Caggiula.
5:19 of 1st period - Stopped by Tuukka Rask without a rebound.
5:20 of 1st period - Matt Duchene wins face-off versus Elias Pettersson in BUFFALO zone.
5:20 of 1st period - Matt Duchene is hit by Elias Pettersson.
5:28 of 1st period - Shot by Matt Duchene.
5:28 of 1st period - Shot Blocked by Mikhail Sergachev.
5:31 of 1st period - Icing by Mikhail Sergachev.
5:32 of 1st period - Elias Pettersson wins face-off versus Eric Staal in CALGARY zone.
5:37 of 1st period - Shot by Patrik Laine.
5:37 of 1st period - Shot Misses the Net.
5:43 of 1st period - Shot by Charlie Coyle.
5:43 of 1st period - Shot Misses the Net.
5:45 of 1st period - Shot by Noah Hanifin.
5:45 of 1st period - Goal by Noah Hanifin - CALGARY : 0 - BUFFALO : 1.
5:46 of 1st period - Matt Duchene wins face-off versus Jamie Benn in neutral zone.
6:08 of 1st period - Icing by Drew Doughty.
6:09 of 1st period - Matt Duchene wins face-off versus Elias Pettersson in BUFFALO zone.
7:00 of 1st period - Shot by Noah Hanifin.
7:00 of 1st period - Shot Blocked by Zach Bogosian.
7:02 of 1st period - Shot by Charlie Coyle.
7:02 of 1st period - Stopped by Anders Nilsson with a rebound.
7:04 of 1st period - Shot by Eric Staal.
7:04 of 1st period - Shot Misses the Net.
7:08 of 1st period - Shot by James van Riemsdyk.
7:08 of 1st period - Goal by James van Riemsdyk - CALGARY : 0 - BUFFALO : 2.
7:09 of 1st period - Jordan Staal wins face-off versus Jamie Benn in neutral zone.
7:49 of 1st period - Shot by Jordan Staal.
7:49 of 1st period - Shot Blocked by Rasmus Dahlin.
7:52 of 1st period - Icing by Jaccob Slavin.
7:53 of 1st period - Jamie Benn wins face-off versus Eric Staal in CALGARY zone.
8:06 of 1st period - Shea Theodore is hit by Jamie Benn and loses puck.
8:17 of 1st period - Shot by Noah Hanifin.
8:17 of 1st period - Stopped by Anders Nilsson without a rebound.
8:18 of 1st period - Alex Killorn wins face-off versus Derick Brassard in CALGARY zone.
8:20 of 1st period - Minor Penalty to Mikhail Sergachev for Tripping.
8:21 of 1st period - Matt Duchene wins face-off versus Elias Pettersson in CALGARY zone.
8:28 of 1st period - Shot by Drew Doughty.
8:28 of 1st period - Stopped by Anders Nilsson without a rebound.
8:29 of 1st period - Jamie Benn wins face-off versus Matt Duchene in CALGARY zone.
8:29 of 1st period - Jamie Benn is hit by Brad Marchand.
10:15 of 1st period - Icing by Brad Marchand.
10:16 of 1st period - Matt Duchene wins face-off versus Jamie Benn in BUFFALO zone.
10:28 of 1st period - Shot by Ondrej Kase.
10:28 of 1st period - Stopped by Anders Nilsson without a rebound.
10:29 of 1st period - Noel Acciari wins face-off versus Elias Pettersson in CALGARY zone.
10:36 of 1st period - Shot by Ondrej Kase.
10:36 of 1st period - Shot Misses the Net.
10:44 of 1st period - Shot by Noel Acciari.
10:44 of 1st period - Shot Misses the Net.
10:46 of 1st period - Shot by Frank Vatrano.
10:46 of 1st period - Shot Misses the Net.
10:48 of 1st period - Shot by Frank Vatrano.
10:48 of 1st period - Shot Misses the Net.
11:15 of 1st period - Elias Pettersson is hit by Matt Duchene and loses puck.
11:20 of 1st period - Mikhail Sergachev is hit by Brad Marchand and loses puck.
11:45 of 1st period - Minor Penalty to Brad Marchand for Hooking.
11:46 of 1st period - Jordan Staal wins face-off versus Jamie Benn in BUFFALO zone.
12:07 of 1st period - Shot by Chris Tierney.
12:07 of 1st period - Shot Misses the Net.
12:09 of 1st period - Shot by Jamie Benn.
12:09 of 1st period - Stopped by Tuukka Rask without a rebound.
12:10 of 1st period - Jordan Staal wins face-off versus Jamie Benn in BUFFALO zone.
13:06 of 1st period - Patrik Laine is hit by Noah Hanifin and loses puck.
13:17 of 1st period - Shot by Patrik Laine.
13:17 of 1st period - Stopped by Tuukka Rask without a rebound.
13:18 of 1st period - Jordan Staal wins face-off versus Jamie Benn in BUFFALO zone.
13:41 of 1st period - Shot by Jaccob Slavin.
13:41 of 1st period - Shot Hit the Post.
13:43 of 1st period - Shot by Jaccob Slavin.
13:43 of 1st period - Goal by Jaccob Slavin - CALGARY : 1 - BUFFALO : 2.
13:44 of 1st period - Matt Duchene wins face-off versus Derick Brassard in neutral zone.
13:47 of 1st period - Zach Bogosian is hit by Alex Killorn and loses puck.
14:10 of 1st period - Drake Caggiula is hit by Brad Marchand and loses puck.
14:56 of 1st period - Shot by Eric Staal.
14:56 of 1st period - Shot Blocked by Jaccob Slavin.
15:12 of 1st period - Shot by Noah Hanifin.
15:12 of 1st period - Stopped by Anders Nilsson without a rebound.
15:13 of 1st period - Phil Kessel wins face-off versus Elias Pettersson in CALGARY zone.
15:21 of 1st period - Carl Hagelin is hit by Mikhail Sergachev and loses puck.
15:46 of 1st period - Shot by Patrik Laine.
15:46 of 1st period - Shot Misses the Net.
15:52 of 1st period - Shot by Elias Pettersson.
15:52 of 1st period - Stopped by Tuukka Rask without a rebound.
15:53 of 1st period - Jamie Benn wins face-off versus Matt Duchene in BUFFALO zone.
16:18 of 1st period - Shot by Brock Boeser.
16:18 of 1st period - Shot Misses the Net.
16:20 of 1st period - Shot by Jamie Benn.
16:20 of 1st period - Shot Misses the Net.
16:22 of 1st period - Shot by Jamie Benn.
16:22 of 1st period - Shot Blocked by Matt Grzelcyk.
16:24 of 1st period - Shot by Jamie Benn.
16:24 of 1st period - Shot Blocked by Alex Killorn.
16:26 of 1st period - Shot by Jamie Benn.
16:26 of 1st period - Stopped by Tuukka Rask without a rebound.
16:27 of 1st period - Chris Tierney wins face-off versus Eric Staal in BUFFALO zone.
16:46 of 1st period - Shot by James van Riemsdyk.
16:46 of 1st period - Shot Blocked by Matt Nieto.
17:17 of 1st period - Minor Penalty to Elias Pettersson for Cross-checking.
17:18 of 1st period - Jamie Benn wins face-off versus Matt Duchene in CALGARY zone.
17:33 of 1st period - Roman Josi is hit by Jamie Benn.
17:42 of 1st period - Matt Duchene is hit by Zach Bogosian and loses puck.
18:28 of 1st period - Charlie Coyle is hit by Mikhail Sergachev and loses puck.
19:03 of 1st period - Shot by Brad Marchand.
19:03 of 1st period - Stopped by Anders Nilsson without a rebound.
19:04 of 1st period - Jamie Benn wins face-off versus Eric Staal in CALGARY zone.
19:16 of 1st period - Jaccob Slavin is hit by Jordan Staal and loses puck.
19:21 of 1st period - Shot by Frank Vatrano.
19:21 of 1st period - Shot Misses the Net.
19:23 of 1st period - Shot by Matt Grzelcyk.
19:23 of 1st period - Goal by Matt Grzelcyk - CALGARY : 1 - BUFFALO : 3.
19:24 of 1st period - Derick Brassard wins face-off versus Noel Acciari in neutral zone.
19:55 of 1st period - Off-side.
19:56 of 1st period - Jordan Staal wins face-off versus Elias Pettersson in neutral zone.
19:56 of 1st period - Phil Kessel is hit by Patrik Laine and loses puck.
Goals for this period are 1 for CALGARY vs 3 for BUFFALO.
Shots for this period are 6 for CALGARY vs 14 for BUFFALO.

2nd period


0:01 of 2nd period - Matt Duchene wins face-off versus Jamie Benn in neutral zone.
0:12 of 2nd period - Shot by Matt Duchene.
0:12 of 2nd period - Shot Misses the Net.
0:14 of 2nd period - Shot by Brad Marchand.
0:14 of 2nd period - Goal by Brad Marchand - CALGARY : 1 - BUFFALO : 4.
0:15 of 2nd period - Elias Pettersson wins face-off versus Jordan Staal in neutral zone.
0:20 of 2nd period - Shot by Tyler Bertuzzi.
0:20 of 2nd period - Shot Misses the Net.
1:01 of 2nd period - Patrik Laine is hit by Jordan Staal.
1:44 of 2nd period - Off-side.
1:45 of 2nd period - Matt Duchene wins face-off versus Derick Brassard in neutral zone.
1:52 of 2nd period - Shot by Brad Marchand.
1:52 of 2nd period - Shot Misses the Net.
2:12 of 2nd period - Shot by Alex Killorn.
2:12 of 2nd period - Shot Blocked by Zach Bogosian.
2:52 of 2nd period - Icing by Charlie Coyle.
2:53 of 2nd period - Eric Staal wins face-off versus Jamie Benn in BUFFALO zone.
2:53 of 2nd period - Eric Staal is hit by Jamie Benn.
3:01 of 2nd period - Shot by Marco Scandella.
3:01 of 2nd period - Stopped by Anders Nilsson without a rebound.
3:02 of 2nd period - Noel Acciari wins face-off versus Jamie Benn in CALGARY zone.
3:22 of 2nd period - Minor Penalty to Marco Scandella for Interference.
3:23 of 2nd period - Elias Pettersson wins face-off versus Jordan Staal in BUFFALO zone.
3:24 of 2nd period - Shot by Mitchell Marner.
3:24 of 2nd period - Shot Misses the Net.
3:26 of 2nd period - Shot by Rasmus Dahlin.
3:26 of 2nd period - Shot Blocked by Roman Josi.
3:28 of 2nd period - Shot by Chris Tierney.
3:28 of 2nd period - Shot Misses the Net.
3:30 of 2nd period - Shot by Rasmus Dahlin.
3:30 of 2nd period - Shot Blocked by Jordan Staal.
3:32 of 2nd period - Shot by Mitchell Marner.
3:32 of 2nd period - Shot Misses the Net.
3:34 of 2nd period - Shot by Elias Pettersson.
3:34 of 2nd period - Shot Hit the Post.
3:36 of 2nd period - Shot by Mitchell Marner.
3:36 of 2nd period - Stopped by Tuukka Rask without a rebound.
3:37 of 2nd period - Jamie Benn wins face-off versus Jordan Staal in BUFFALO zone.
3:57 of 2nd period - Icing by Jaccob Slavin.
3:58 of 2nd period - Jordan Staal wins face-off versus Jamie Benn in CALGARY zone.
4:24 of 2nd period - Shot by Noel Acciari.
4:24 of 2nd period - Shot Misses the Net.
5:58 of 2nd period - Shot by James van Riemsdyk.
5:58 of 2nd period - Shot Misses the Net.
6:00 of 2nd period - Shot by Charlie Coyle.
6:00 of 2nd period - Stopped by Anders Nilsson with a rebound.
6:20 of 2nd period - Zach Bogosian is hit by Ondrej Kase and loses puck.
6:59 of 2nd period - Icing by Zach Bogosian.
7:00 of 2nd period - Jordan Staal wins face-off versus Derick Brassard in CALGARY zone.
7:07 of 2nd period - Shot by Carl Hagelin.
7:07 of 2nd period - Stopped by Anders Nilsson without a rebound.
7:08 of 2nd period - Jamie Benn wins face-off versus Matt Duchene in CALGARY zone.
7:12 of 2nd period - Icing by Mitchell Marner.
7:13 of 2nd period - Matt Duchene wins face-off versus Jamie Benn in CALGARY zone.
7:13 of 2nd period - Matt Duchene is hit by Rasmus Dahlin.
7:32 of 2nd period - Brad Marchand is hit by Jamie Benn and loses puck.
8:16 of 2nd period - Shot by Patrik Laine.
8:16 of 2nd period - Stopped by Tuukka Rask without a rebound.
8:16 of 2nd period - Minor Penalty to Noah Hanifin for Hooking.
8:17 of 2nd period - Noel Acciari wins face-off versus Mitchell Marner in BUFFALO zone.
8:43 of 2nd period - Icing by Mikhail Sergachev.
8:44 of 2nd period - Jordan Staal wins face-off versus Elias Pettersson in CALGARY zone.
9:10 of 2nd period - Shot by Jamie Benn.
9:10 of 2nd period - Stopped by Tuukka Rask without a rebound.
9:11 of 2nd period - Noel Acciari wins face-off versus Brock Boeser in BUFFALO zone.
9:41 of 2nd period - Brock Boeser is hit by Drew Doughty and loses puck.
10:02 of 2nd period - Shot by Mitchell Marner.
10:02 of 2nd period - Shot Misses the Net.
10:04 of 2nd period - Shot by Jaccob Slavin.
10:04 of 2nd period - Stopped by Tuukka Rask without a rebound.
10:05 of 2nd period - Noel Acciari wins face-off versus Elias Pettersson in BUFFALO zone.
10:12 of 2nd period - Shot by Patrik Laine.
10:12 of 2nd period - Deflect By Elias Pettersson.
10:12 of 2nd period - Shot Blocked by Matt Grzelcyk.
10:14 of 2nd period - Shot by Jaccob Slavin.
10:14 of 2nd period - Stopped by Tuukka Rask without a rebound.
10:15 of 2nd period - Jordan Staal wins face-off versus Jamie Benn in BUFFALO zone.
10:22 of 2nd period - Shot by Charlie Coyle.
10:22 of 2nd period - Goal by Charlie Coyle - CALGARY : 1 - BUFFALO : 5.
10:23 of 2nd period - Eric Staal wins face-off versus Chris Tierney in neutral zone.
11:36 of 2nd period - Icing by Jordan Staal.
11:37 of 2nd period - Jordan Staal wins face-off versus Jamie Benn in BUFFALO zone.
12:01 of 2nd period - Shot by Brock Boeser.
12:01 of 2nd period - Shot Misses the Net.
12:03 of 2nd period - Shot by Mitchell Marner.
12:03 of 2nd period - Shot Blocked by Noah Hanifin.
12:05 of 2nd period - Shot by Rasmus Dahlin.
12:05 of 2nd period - Shot Misses the Net.
12:07 of 2nd period - Shot by Rasmus Dahlin.
12:07 of 2nd period - Goal by Rasmus Dahlin - CALGARY : 2 - BUFFALO : 5.
12:08 of 2nd period - Matt Duchene wins face-off versus Elias Pettersson in neutral zone.
12:13 of 2nd period - Icing by Tyler Bertuzzi.
12:14 of 2nd period - Matt Duchene wins face-off versus Elias Pettersson in CALGARY zone.
12:23 of 2nd period - Shot by Brad Marchand.
12:23 of 2nd period - Shot Misses the Net.
12:49 of 2nd period - Roman Josi is hit by Patrik Laine and loses puck.
13:05 of 2nd period - Icing by Mikhail Sergachev.
13:06 of 2nd period - Eric Staal wins face-off versus Elias Pettersson in CALGARY zone.
13:08 of 2nd period - Minor Penalty to Charlie Coyle for Hooking.
13:09 of 2nd period - Jamie Benn wins face-off versus Jordan Staal in BUFFALO zone.
13:14 of 2nd period - Shot by Jamie Benn.
13:14 of 2nd period - Deflect By Tyler Bertuzzi.
13:14 of 2nd period - Shot Misses the Net.
13:32 of 2nd period - Shot by Rasmus Dahlin.
13:32 of 2nd period - Stopped by Tuukka Rask without a rebound.
13:33 of 2nd period - Jordan Staal wins face-off versus Elias Pettersson in BUFFALO zone.
13:33 of 2nd period - Jordan Staal is hit by Patrik Laine.
14:28 of 2nd period - Shot by Jamie Benn.
14:28 of 2nd period - Stopped by Tuukka Rask without a rebound.
14:29 of 2nd period - Noel Acciari wins face-off versus Jamie Benn in BUFFALO zone.
14:37 of 2nd period - Icing by Blake Coleman.
14:38 of 2nd period - Jamie Benn wins face-off versus Noel Acciari in CALGARY zone.
15:13 of 2nd period - Icing by Roman Josi.
15:14 of 2nd period - Derick Brassard wins face-off versus Eric Staal in BUFFALO zone.
16:01 of 2nd period - Drew Doughty is hit by Drake Caggiula and loses puck.
16:23 of 2nd period - Icing by Roman Josi.
16:24 of 2nd period - Jamie Benn wins face-off versus Eric Staal in BUFFALO zone.
17:35 of 2nd period - Icing by Matt Grzelcyk.
17:36 of 2nd period - Jordan Staal wins face-off versus Elias Pettersson in BUFFALO zone.
17:54 of 2nd period - Shot by Patrik Laine.
17:54 of 2nd period - Shot Blocked by Matt Grzelcyk.
18:23 of 2nd period - Icing by Matt Grzelcyk.
18:24 of 2nd period - Chris Tierney wins face-off versus Jordan Staal in BUFFALO zone.
18:31 of 2nd period - Shot by Chris Tierney.
18:31 of 2nd period - Stopped by Tuukka Rask with a rebound.
19:30 of 2nd period - Icing by Zach Bogosian.
19:31 of 2nd period - Eric Staal wins face-off versus Chris Tierney in CALGARY zone.
19:53 of 2nd period - Off-side.
19:54 of 2nd period - Jamie Benn wins face-off versus Noel Acciari in neutral zone.
Goals for this period are 1 for CALGARY vs 2 for BUFFALO.
Shots for this period are 9 for CALGARY vs 5 for BUFFALO.

3rd period


0:01 of 3rd period - Matt Duchene wins face-off versus Jamie Benn in neutral zone.
0:15 of 3rd period - Icing by Roman Josi.
0:16 of 3rd period - Matt Duchene wins face-off versus Elias Pettersson in BUFFALO zone.
0:35 of 3rd period - Shot by Brad Marchand.
0:35 of 3rd period - Goal by Brad Marchand - CALGARY : 2 - BUFFALO : 6.
0:35 of 3rd period - Jack Campbell enters game.
0:36 of 3rd period - Charlie Coyle wins face-off versus Jamie Benn in neutral zone.
0:39 of 3rd period - Jaccob Slavin is hit by James van Riemsdyk.
1:42 of 3rd period - Shot by Matt Duchene.
1:42 of 3rd period - Stopped by Jack Campbell with a rebound.
1:44 of 3rd period - Shot by Drew Doughty.
1:44 of 3rd period - Stopped by Jack Campbell with a rebound.
2:24 of 3rd period - Jordan Staal is hit by Tyler Bertuzzi and loses puck.
2:43 of 3rd period - Shot by Carl Hagelin.
2:43 of 3rd period - Shot Misses the Net.
3:09 of 3rd period - Icing by Zach Bogosian.
3:10 of 3rd period - Chris Tierney wins face-off versus Noel Acciari in CALGARY zone.
3:24 of 3rd period - Shot by Ondrej Kase.
3:24 of 3rd period - Shot Misses the Net.
3:26 of 3rd period - Shot by Noel Acciari.
3:26 of 3rd period - Shot Misses the Net.
4:03 of 3rd period - Off-side.
4:04 of 3rd period - Matt Duchene wins face-off versus Jamie Benn in neutral zone.
6:17 of 3rd period - Shot by Jordan Staal.
6:17 of 3rd period - Shot Blocked by Chris Tierney.
7:37 of 3rd period - Shot by Brad Marchand.
7:37 of 3rd period - Stopped by Jack Campbell without a rebound.
7:38 of 3rd period - Noel Acciari wins face-off versus Elias Pettersson in CALGARY zone.
7:51 of 3rd period - Tyler Bertuzzi is hit by Frank Vatrano.
7:52 of 3rd period - Icing by Tyler Bertuzzi.
7:53 of 3rd period - Jordan Staal wins face-off versus Elias Pettersson in CALGARY zone.
8:54 of 3rd period - Icing by Marco Scandella.
8:55 of 3rd period - James van Riemsdyk wins face-off versus Derick Brassard in BUFFALO zone.
9:43 of 3rd period - Alex Killorn is hit by Rasmus Dahlin and loses puck.
9:56 of 3rd period - Rasmus Dahlin is hit by Brad Marchand and loses puck.
10:52 of 3rd period - Off-side.
10:53 of 3rd period - Elias Pettersson wins face-off versus Carl Hagelin in neutral zone.
11:02 of 3rd period - Shot by Tyler Bertuzzi.
11:02 of 3rd period - Stopped by Tuukka Rask without a rebound.
11:03 of 3rd period - Eric Staal wins face-off versus Elias Pettersson in BUFFALO zone.
11:03 of 3rd period - Eric Staal is hit by Tyler Bertuzzi.
11:28 of 3rd period - Shot by Roman Josi.
11:28 of 3rd period - Shot Misses the Net.
11:30 of 3rd period - Shot by Roman Josi.
11:30 of 3rd period - Stopped by Jack Campbell without a rebound.
11:31 of 3rd period - Jordan Staal wins face-off versus Jamie Benn in CALGARY zone.
11:31 of 3rd period - Matt Grzelcyk is hit by Mikhail Sergachev and loses puck.
11:44 of 3rd period - Shot by Brock Boeser.
11:44 of 3rd period - Stopped by Tuukka Rask with a rebound.
11:46 of 3rd period - Shot by Mikhail Sergachev.
11:46 of 3rd period - Shot Blocked by Jordan Staal.
11:48 of 3rd period - Shot by Mikhail Sergachev.
11:48 of 3rd period - Stopped by Tuukka Rask with a rebound.
11:50 of 3rd period - Shot by Jamie Benn.
11:50 of 3rd period - Stopped by Tuukka Rask without a rebound.
11:51 of 3rd period - Noel Acciari wins face-off versus Chris Tierney in BUFFALO zone.
11:53 of 3rd period - Icing by Roman Josi.
11:54 of 3rd period - Elias Pettersson wins face-off versus Noel Acciari in BUFFALO zone.
12:09 of 3rd period - Shot by Tyler Bertuzzi.
12:09 of 3rd period - Shot Blocked by Drew Doughty.
12:42 of 3rd period - Icing by Roman Josi.
12:43 of 3rd period - Jamie Benn wins face-off versus Noel Acciari in BUFFALO zone.
12:50 of 3rd period - Shot by Mitchell Marner.
12:50 of 3rd period - Stopped by Tuukka Rask without a rebound.
12:51 of 3rd period - Matt Duchene wins face-off versus Jamie Benn in BUFFALO zone.
13:11 of 3rd period - Off-side.
13:12 of 3rd period - Eric Staal wins face-off versus Derick Brassard in neutral zone.
13:44 of 3rd period - Zach Bogosian is hit by Eric Staal and loses puck.
13:58 of 3rd period - Icing by Matt Grzelcyk.
13:59 of 3rd period - Jamie Benn wins face-off versus Eric Staal in BUFFALO zone.
14:15 of 3rd period - Shot by Jamie Benn.
14:15 of 3rd period - Shot Misses the Net.
15:05 of 3rd period - Shot by Elias Pettersson.
15:05 of 3rd period - Stopped by Tuukka Rask with a rebound.
15:13 of 3rd period - Shot by Jake Gardiner.
15:13 of 3rd period - Shot Misses the Net.
15:15 of 3rd period - Shot by Tyler Bertuzzi.
15:15 of 3rd period - Stopped by Tuukka Rask without a rebound.
15:16 of 3rd period - Jordan Staal wins face-off versus Chris Tierney in BUFFALO zone.
15:16 of 3rd period - Jordan Staal is hit by Blake Coleman.
15:41 of 3rd period - Shot by Jordan Staal.
15:41 of 3rd period - Stopped by Jack Campbell with a rebound.
16:23 of 3rd period - Shot by Frank Vatrano.
16:23 of 3rd period - Shot Misses the Net.
16:25 of 3rd period - Shot by Drew Doughty.
16:25 of 3rd period - Shot Misses the Net.
17:20 of 3rd period - Minor Penalty to Zach Bogosian for Hooking.
17:21 of 3rd period - Eric Staal wins face-off versus Jamie Benn in CALGARY zone.
17:47 of 3rd period - Shot by Noah Hanifin.
17:47 of 3rd period - Stopped by Jack Campbell without a rebound.
17:48 of 3rd period - Matt Duchene wins face-off versus Elias Pettersson in CALGARY zone.
17:49 of 3rd period - Shot by Drew Doughty.
17:49 of 3rd period - Stopped by Jack Campbell without a rebound.
17:50 of 3rd period - Jamie Benn wins face-off versus Matt Duchene in CALGARY zone.
18:07 of 3rd period - Shot by Brad Marchand.
18:07 of 3rd period - Shot Misses the Net.
18:09 of 3rd period - Shot by Roman Josi.
18:09 of 3rd period - Stopped by Jack Campbell with a rebound.
18:11 of 3rd period - Shot by Drew Doughty.
18:11 of 3rd period - Stopped by Jack Campbell without a rebound.
18:12 of 3rd period - Jamie Benn wins face-off versus Eric Staal in CALGARY zone.
18:18 of 3rd period - Icing by Shea Theodore.
18:19 of 3rd period - Jamie Benn wins face-off versus Eric Staal in BUFFALO zone.
18:23 of 3rd period - Icing by Noah Hanifin.
18:24 of 3rd period - Jamie Benn wins face-off versus Eric Staal in BUFFALO zone.
19:09 of 3rd period - Blake Coleman is hit by Eric Staal and loses puck.
19:54 of 3rd period - Minor Penalty to Marco Scandella for Holding.
19:55 of 3rd period - Jamie Benn wins face-off versus Jordan Staal in BUFFALO zone.
19:56 of 3rd period - Shot by Tyler Bertuzzi.
19:56 of 3rd period - Shot Misses the Net.
19:58 of 3rd period - Shot by Jamie Benn.
19:58 of 3rd period - Shot Misses the Net.
Goals for this period are 0 for CALGARY vs 1 for BUFFALO.
Shots for this period are 7 for CALGARY vs 10 for BUFFALO.